TOP OF THE 1ST |
Tri-City ValleyCats batting - Pitching for Vermont Lake Monsters : LHP Darby Jones
|
Pitching: LHP Darby Jones
|
|
Batting: RHB Justin Olmstead
|
0-0: Ball 1-0: Called Strike 1-1: DOUBLE (Groundball, 5L, EV 95.0 MPH)
|
Batting: RHB Evan Fry
|
0-0: Swinging Strike 0-1: Called Strike 0-2: Foul Ball, location: 2F 0-2: Strikes out swinging
|
Batting: RHB Bobby Dunn
|
0-0: SINGLE (Groundball, 25, EV 66.2 MPH) (infield hit) Justin Olmstead to third
|
Batting: SHB Chris Keziah
|
0-0: Swinging Strike 0-1: Ball 1-1: SINGLE (Line Drive, 9S, EV 95.0 MPH) Justin Olmstead scores Bobby Dunn to second Runner from 2nd tries for 3rd, SAFE, no throw by RF
|
Batting: LHB Vinny Siebecker
|
0-0: Ball 1-0: Called Strike Chris Keziah steals 2nd base 1-1: Ball Wild Pitch! Bobby Dunn scores Chris Keziah to third 2-1: Swinging Strike 2-2: Foul Ball, location: 2F 2-2: Strikes out looking
|
Batting: RHB Rob Baker
|
0-0: Ball 1-0: Ball 2-0: Ball 3-0: Called Strike 3-1: Called Strike 3-2: Base on Balls
|
Batting: LHB Jon Pope
|
0-0: Ball 1-0: Called Strike 1-1: SINGLE (Groundball, 4, EV 96.2 MPH) Chris Keziah scores Rob Baker to second Runner from 2nd tries for 3rd, SAFE, throw by RF made at trailing runner, OUT! 9-6
|
Top of the 1st over - 3 runs, 4 hits, 0 errors, 1 left on base; Tri-City 3 - Vermont 0 |
BOTTOM OF THE 1ST |
Vermont Lake Monsters batting - Pitching for Tri-City ValleyCats : RHP Arsène Serre
|
Pitching: RHP Arsène Serre
|
|
Batting: RHB Ricardo Mariscal
|
0-0: Called Strike 0-1: Ball 1-1: Foul Ball, location: 2F 1-2: Ball 2-2: SINGLE (Line Drive, 9S, EV 92.5 MPH)
|
Batting: RHB Luis Restrepo
|
0-0: Called Strike Ricardo Mariscal steals 2nd base 0-1: Ball 1-1: Swinging Strike 1-2: 2-RUN HOME RUN (Flyball, 7LD, EV 98.8 MPH), Distance : 384 ft
|
Batting: LHB Henry Hutson
|
0-0: Called Strike 0-1: Foul Ball, location: 2F 0-2: Ball 1-2: Ball 2-2: Ball 3-2: Base on Balls
|
Batting: LHB Cy Ostrowski
|
0-0: Ball 1-0: Fielders Choice at 2nd, 2-4 (Groundball, 2L, EV 63.8 MPH)
|
Batting: LHB Jose Zamarripa
|
0-0: Called Strike 0-1: Fly out, F5 (Popup, 56, EV 54.4 MPH)
|
Batting: RHB Carlos Martinez
|
0-0: Swinging Strike 0-1: Ground out 4-3 (Groundball, 4, EV 108.1 MPH)
|
Bottom of the 1st over - 2 runs, 2 hits, 0 errors, 1 left on base; Tri-City 3 - Vermont 2 |
TOP OF THE 2ND |
Tri-City ValleyCats batting - Pitching for Vermont Lake Monsters : LHP Darby Jones
|
Batting: RHB Mike Koch
|
0-0: Ball 1-0: Called Strike 1-1: Ball 2-1: Fly out, F9 (Flyball, 9S, EV 89.4 MPH)
|
Batting: RHB Ruben Pujols
|
0-0: Ball 1-0: Foul Ball, location: 2F 1-1: Swinging Strike 1-2: Ball 2-2: Foul Ball, location: 2F 2-2: Ground out U3 (Groundball, 3, EV 84.4 MPH)
|
Batting: RHB Justin Olmstead
|
0-0: Swinging Strike 0-1: SINGLE (Groundball, 5D, EV 97.5 MPH)
|
Batting: RHB Evan Fry
|
0-0: Called Strike 0-1: SINGLE (Groundball, 56D, EV 105.6 MPH) (infield hit) Justin Olmstead to second
|
Batting: RHB Bobby Dunn
|
0-0: Foul Ball, location: 2F 0-1: Foul Ball, location: 2F 0-2: Ball 1-2: Strikes out looking
|
Top of the 2nd over - 0 runs, 2 hits, 0 errors, 2 left on base; Tri-City 3 - Vermont 2 |
BOTTOM OF THE 2ND |
Vermont Lake Monsters batting - Pitching for Tri-City ValleyCats : RHP Arsène Serre
|
Batting: LHB Youp van Erp
|
0-0: Swinging Strike 0-1: Ball 1-1: Ball 2-1: Swinging Strike 2-2: Ball 3-2: Strikes out looking
|
Batting: RHB Lu Tieh
|
0-0: Ball 1-0: SINGLE (Groundball, 6MS, EV 63.8 MPH) (infield hit)
|
Batting: RHB Oscar Avila
|
0-0: Ball Lu Tieh steals 2nd base 1-0: Ball 2-0: Ball 3-0: Base on Balls
|
Batting: RHB Ricardo Mariscal
|
0-0: Ball Lu Tieh steals 3rd base 1-0: Ball 2-0: Called Strike 2-1: Ball 3-1: Called Strike 3-2: Foul Ball, location: 2F 3-2: Grounds into double play, 4-6-3 (Groundball, 34, EV 101.9 MPH)
|
Bottom of the 2nd over - 0 runs, 1 hit, 0 errors, 1 left on base; Tri-City 3 - Vermont 2 |
TOP OF THE 3RD |
Tri-City ValleyCats batting - Pitching for Vermont Lake Monsters : LHP Darby Jones
|
Batting: SHB Chris Keziah
|
0-0: TRIPLE (Line Drive, 78XD, EV 105.6 MPH)
|
Batting: LHB Vinny Siebecker
|
0-0: Swinging Strike 0-1: Called Strike 0-2: Hit by Pitch
|
Pitching: LHP Jeff Troxel
|
|
Batting: RHB Rob Baker
|
0-0: Swinging Strike 0-1: Foul Ball, location: 2F 0-2: Strikes out swinging
|
Batting: LHB Jon Pope
|
0-0: Called Strike 0-1: Ball 1-1: Called Strike 1-2: Strikes out swinging
|
Batting: RHB Mike Koch
|
0-0: Ball 1-0: Ball 2-0: Swinging Strike 2-1: Foul Ball, location: 2F 2-2: Ball 3-2: Strikes out swinging
|
Top of the 3rd over - 0 runs, 1 hit, 0 errors, 2 left on base; Tri-City 3 - Vermont 2 |
BOTTOM OF THE 3RD |
Vermont Lake Monsters batting - Pitching for Tri-City ValleyCats : RHP Arsène Serre
|
Batting: RHB Luis Restrepo
|
0-0: Ball 1-0: Called Strike 1-1: Foul Ball, location: 2F 1-2: Foul Ball, location: 2F 1-2: Ball 2-2: Ball 3-2: Base on Balls
|
Batting: LHB Henry Hutson
|
0-0: Ball Luis Restrepo steals 2nd base 1-0: SINGLE (Line Drive, 78M, EV 110.0 MPH) Luis Restrepo to third
|
Batting: LHB Cy Ostrowski
|
0-0: SINGLE (Line Drive, 34, EV 94.4 MPH) Luis Restrepo scores Henry Hutson to second Runner from 2nd tries for 3rd, OUT! 9-5
|
Batting: LHB Jose Zamarripa
|
0-0: Ball 1-0: Ball 2-0: Ball 3-0: Called Strike 3-1: Base on Balls Cy Ostrowski to second
|
Batting: RHB Carlos Martinez
|
0-0: Called Strike 0-1: Foul Ball, location: 2F 0-2: SINGLE (Line Drive, 8LS, EV 100.0 MPH) Cy Ostrowski to third Jose Zamarripa to second
|
Batting: LHB Youp van Erp
|
0-0: Ball 1-0: Ball 2-0: GRAND SLAM HOME RUN (Flyball, 89XD, EV 99.4 MPH), Distance : 403 ft
|
Pitching: RHP Chris Miller
|
|
Batting: RHB Lu Tieh
|
0-0: Called Strike 0-1: DOUBLE (Flyball, 8RXD, EV 98.8 MPH)
|
Batting: RHB Oscar Avila
|
0-0: Called Strike Lu Tieh steals 3rd base 0-1: Ball Balk! Lu Tieh scores 1-1: Fly out, F7 (Line Drive, 7D, EV 93.1 MPH)
|
Batting: RHB Ricardo Mariscal
|
0-0: Called Strike 0-1: Ball 1-1: Ball 2-1: Ball 3-1: Base on Balls
|
Batting: RHB Luis Restrepo
|
Pickoff Throw to First - Out! 1-3
|
Bottom of the 3rd over - 6 runs, 5 hits, 0 errors, 0 left on base; Tri-City 3 - Vermont 8 |
TOP OF THE 4TH |
Tri-City ValleyCats batting - Pitching for Vermont Lake Monsters : LHP Jeff Troxel
|
Batting: RHB Ruben Pujols
|
0-0: Ball 1-0: Called Strike 1-1: Swinging Strike 1-2: Strikes out looking
|
Batting: RHB Justin Olmstead
|
0-0: Called Strike 0-1: Ball 1-1: Ball 2-1: Reached on error, E5 (Groundball, 56S, EV 85.0 MPH)
|
Batting: RHB Evan Fry
|
0-0: Fielders Choice at 2nd, 5-4 (Groundball, 56, EV 103.1 MPH)
|
Batting: RHB Bobby Dunn
|
0-0: Called Strike 0-1: Ball Wild Pitch! Evan Fry to second 1-1: Called Strike 1-2: Ball 2-2: Strikes out swinging
|
Top of the 4th over - 0 runs, 0 hits, 1 error, 1 left on base; Tri-City 3 - Vermont 8 |
BOTTOM OF THE 4TH |
Vermont Lake Monsters batting - Pitching for Tri-City ValleyCats : RHP Chris Miller
|
Batting: RHB Luis Restrepo
|
0-0: Ball 1-0: Called Strike 1-1: Fly out, F8 (Flyball, 89D, EV 88.1 MPH)
|
Batting: LHB Henry Hutson
|
0-0: Ball 1-0: SOLO HOME RUN (Flyball, 9D, EV 100.6 MPH), Distance : 378 ft
|
Batting: LHB Cy Ostrowski
|
0-0: Ball 1-0: Ball 2-0: Swinging Strike 2-1: Ball 3-1: Base on Balls
|
Batting: LHB Jose Zamarripa
|
0-0: Ball 1-0: Ball Balk! Cy Ostrowski to second 2-0: SINGLE (Groundball, 4D, EV 104.4 MPH) Cy Ostrowski to third
|
Batting: RHB Carlos Martinez
|
0-0: Called Strike 0-1: Called Strike 0-2: SINGLE (Groundball, 6MD, EV 108.8 MPH) Cy Ostrowski scores Jose Zamarripa to second
|
Batting: LHB Youp van Erp
|
0-0: Ball 1-0: Ball 2-0: Ball 3-0: 3-RUN HOME RUN (Line Drive, 89XD, EV 106.2 MPH), Distance : 408 ft
|
Pitching: RHP Ben Hoffman
|
|
Batting: RHB Lu Tieh
|
0-0: Fly out, F7 (Flyball, 7LD, EV 101.2 MPH)
|
Batting: RHB Oscar Avila
|
0-0: Called Strike 0-1: Ball 1-1: Fly out, F7 (Flyball, 7D, EV 98.1 MPH)
|
Bottom of the 4th over - 5 runs, 4 hits, 0 errors, 0 left on base; Tri-City 3 - Vermont 13 |
TOP OF THE 5TH |
Tri-City ValleyCats batting - Pitching for Vermont Lake Monsters : LHP Jeff Troxel
|
Batting: SHB Chris Keziah
|
0-0: Ball 1-0: Ground out 6-3 (Groundball, 56, EV 96.9 MPH)
|
Batting: LHB Vinny Siebecker
|
0-0: Ball 1-0: Foul Ball, location: 2F 1-1: Ball 2-1: Called Strike 2-2: Ball 3-2: SINGLE (Groundball, P, EV 83.1 MPH) (infield hit)
|
Batting: RHB Rob Baker
|
0-0: Ball 1-0: Called Strike 1-1: Fielders Choice at 2nd, 3-6 (Groundball, 3S, EV 85.6 MPH)
|
Batting: LHB Jon Pope
|
0-0: Called Strike 0-1: Ball 1-1: SINGLE (Groundball, 4D, EV 105.0 MPH) Rob Baker to second
|
Batting: RHB Mike Koch
|
0-0: Swinging Strike 0-1: Foul Ball, location: 2F 0-2: SINGLE (Groundball, 56D, EV 108.1 MPH) Rob Baker to third Jon Pope to second Runner from 3rd tries for Home, SAFE, throw by LF to home
|
Batting: RHB Ruben Pujols
|
0-0: Ball Passed Ball! Jon Pope to third Mike Koch to second 1-0: Ball 2-0: Ground out 4-3 (Groundball, 34, EV 94.4 MPH)
|
Top of the 5th over - 1 run, 3 hits, 0 errors, 2 left on base; Tri-City 4 - Vermont 13 |
BOTTOM OF THE 5TH |
Vermont Lake Monsters batting - Pitching for Tri-City ValleyCats : RHP Ben Hoffman
|
Batting: RHB Ricardo Mariscal
|
0-0: Ball 1-0: Called Strike 1-1: Foul Ball, location: 2F 1-2: Fly out, F9 (Flyball, 9LM, EV 87.5 MPH)
|
Batting: RHB Luis Restrepo
|
0-0: Ball 1-0: Ball 2-0: Ball 3-0: Base on Balls
|
Batting: LHB Henry Hutson
|
0-0: Ball 1-0: Called Strike 1-1: Swinging Strike 1-2: SINGLE (Line Drive, 7LS, EV 99.4 MPH) Luis Restrepo to second
|
Batting: LHB Cy Ostrowski
|
0-0: Ball Wild Pitch! Luis Restrepo to third Henry Hutson to second 1-0: Ball 2-0: Swinging Strike 2-1: Ball Wild Pitch! Luis Restrepo scores Henry Hutson to third 3-1: Base on Balls
|
Pitching: RHP Salvador Gomez
|
|
Batting: LHB Jose Zamarripa
|
0-0: Ball Passed Ball! Henry Hutson scores Cy Ostrowski to second 1-0: Swinging Strike 1-1: Swinging Strike 1-2: Ball 2-2: Ball 3-2: Foul Ball, location: 2F 3-2: Base on Balls
|
Batting: RHB Carlos Martinez
|
0-0: Ball 1-0: Ball 2-0: Ball 3-0: Base on Balls Cy Ostrowski to third Jose Zamarripa to second
|
Batting: LHB Youp van Erp
|
0-0: Called Strike 0-1: Ball 1-1: Fly out, F8 (Flyball, 78D, EV 90.0 MPH) Runner from 3rd tags up, SCORES, throw by CF
|
Batting: RHB Lu Tieh
|
0-0: Fly out, F9 (Line Drive, 9, EV 93.1 MPH)
|
Bottom of the 5th over - 3 runs, 1 hit, 0 errors, 2 left on base; Tri-City 4 - Vermont 16 |
TOP OF THE 6TH |
Tri-City ValleyCats batting - Pitching for Vermont Lake Monsters : LHP Jeff Troxel
|
Batting: RHB Justin Olmstead
|
0-0: Called Strike 0-1: Ball 1-1: Foul Ball, location: 2F 1-2: Strikes out swinging
|
Batting: RHB Evan Fry
|
0-0: Swinging Strike 0-1: Swinging Strike 0-2: Ball 1-2: Strikes out swinging
|
Batting: RHB Bobby Dunn
|
0-0: Called Strike 0-1: Ball 1-1: Swinging Strike 1-2: Ball 2-2: Strikes out swinging
|
Top of the 6th over - 0 runs, 0 hits, 0 errors, 0 left on base; Tri-City 4 - Vermont 16 |
BOTTOM OF THE 6TH |
Vermont Lake Monsters batting - Pitching for Tri-City ValleyCats : RHP Salvador Gomez
|
Batting: RHB Oscar Avila
|
0-0: Ball 1-0: Ball 2-0: Ball 3-0: Base on Balls
|
Pitching: RHP Adam Behrens
|
|
Batting: RHB Ricardo Mariscal
|
0-0: SINGLE (Groundball, 5S, EV 71.2 MPH) (infield hit) Oscar Avila to second
|
Batting: RHB Luis Restrepo
|
0-0: Called Strike 0-1: Foul Ball, location: 2F Balk! Oscar Avila to third Ricardo Mariscal to second 0-2: Strikes out swinging
|
Batting: LHB Henry Hutson
|
0-0: Ball 1-0: DOUBLE (Flyball, 8RXD, EV 113.1 MPH) Oscar Avila scores Ricardo Mariscal scores
|
Batting: LHB Cy Ostrowski
|
0-0: Foul Ball, location: 2F 0-1: Swinging Strike 0-2: Ball 1-2: Ball 2-2: Strikes out swinging
|
Batting: LHB Jose Zamarripa
|
0-0: Ball 1-0: Ball 2-0: Ball 3-0: Base on Balls
|
Batting: RHB Carlos Martinez
|
0-0: Ball 1-0: Ball 2-0: Ball 3-0: Called Strike 3-1: Ground out 1-3 (Groundball, P, EV 65.6 MPH)
|
Bottom of the 6th over - 2 runs, 2 hits, 0 errors, 2 left on base; Tri-City 4 - Vermont 18 |
TOP OF THE 7TH |
Tri-City ValleyCats batting - Pitching for Vermont Lake Monsters : LHP Jeff Troxel
|
Pitching: LHP Dan Gatlin
|
|
Batting: SHB Chris Keziah
|
0-0: Called Strike 0-1: SINGLE (Groundball, 56, EV 95.0 MPH)
|
Batting: LHB Vinny Siebecker
|
0-0: Called Strike 0-1: Ball 1-1: Ball Chris Keziah steals 2nd base (no throw) 2-1: Foul Ball, location: 2F 2-2: Hit by Pitch
|
Batting: RHB Rob Baker
|
0-0: Swinging Strike 0-1: Swinging Strike 0-2: Foul Ball, location: 2F 0-2: Ball 1-2: Foul Ball, location: 2F 1-2: Foul Ball, location: 2F 1-2: Foul Ball, location: 2F 1-2: Strikes out swinging
|
Batting: LHB Jon Pope
|
0-0: Called Strike Chris Keziah steals 3rd base 0-1: Ball 1-1: Swinging Strike 1-2: Strikes out looking
|
Batting: RHB Mike Koch
|
Balk! Chris Keziah scores Vinny Siebecker to second 0-0: Ball 1-0: Foul Ball, location: 2F 1-1: Ball 2-1: Foul Ball, location: 2F 2-2: Foul Ball, location: 2F 2-2: Ball Passed Ball! Vinny Siebecker to third 3-2: Strikes out looking
|
Top of the 7th over - 1 run, 1 hit, 0 errors, 1 left on base; Tri-City 5 - Vermont 18 |
BOTTOM OF THE 7TH |
Vermont Lake Monsters batting - Pitching for Tri-City ValleyCats : RHP Adam Behrens
|
Pitching: RHP Chris Miles
|
|
Batting: LHB Youp van Erp
|
0-0: Ball 1-0: Called Strike 1-1: Ball 2-1: Hit by Pitch
|
Batting: RHB Lu Tieh
|
0-0: Fly out, F7 (Flyball, 7D, EV 83.8 MPH)
|
Batting: RHB Oscar Avila
|
Pickoff Throw to First - Out! 1-3 0-0: Foul Ball, location: 2F 0-1: Hit by Pitch
|
Batting: RHB Ricardo Mariscal
|
0-0: Ball 1-0: Ball 2-0: Fielders Choice at 2nd, 6-4 (Groundball, 6, EV 91.9 MPH)
|
Bottom of the 7th over - 0 runs, 0 hits, 0 errors, 1 left on base; Tri-City 5 - Vermont 18 |
TOP OF THE 8TH |
Tri-City ValleyCats batting - Pitching for Vermont Lake Monsters : LHP Dan Gatlin
|
Batting: RHB Ruben Pujols
|
0-0: Called Strike 0-1: Swinging Strike 0-2: Strikes out swinging
|
Batting: RHB Justin Olmstead
|
0-0: Called Strike 0-1: Ball 1-1: DOUBLE (Groundball, 5L, EV 101.9 MPH)
|
Batting: RHB Evan Fry
|
0-0: Fly out, F7 (Flyball, 7, EV 77.5 MPH)
|
Batting: RHB Bobby Dunn
|
0-0: Ball 1-0: Foul Ball, location: 2F 1-1: Fly out, F8 (Flyball, 8RM, EV 83.8 MPH)
|
Top of the 8th over - 0 runs, 1 hit, 0 errors, 1 left on base; Tri-City 5 - Vermont 18 |
BOTTOM OF THE 8TH |
Vermont Lake Monsters batting - Pitching for Tri-City ValleyCats : RHP Chris Miles
|
Batting: RHB Luis Restrepo
|
0-0: Ball 1-0: Swinging Strike 1-1: Swinging Strike 1-2: Ball 2-2: Fly out, F6 (Line Drive, 6, EV 61.9 MPH)
|
Batting: LHB Henry Hutson
|
0-0: Called Strike 0-1: Swinging Strike 0-2: Foul Ball, location: 2F 0-2: Ball 1-2: Ball 2-2: Foul Ball, location: 2F 2-2: Fly out, F4 (Popup, 4M, EV 61.9 MPH)
|
Batting: LHB Cy Ostrowski
|
0-0: Called Strike 0-1: Ground out 4-3 (Groundball, 4, EV 78.1 MPH)
|
Bottom of the 8th over - 0 runs, 0 hits, 0 errors, 0 left on base; Tri-City 5 - Vermont 18 |
TOP OF THE 9TH |
Tri-City ValleyCats batting - Pitching for Vermont Lake Monsters : LHP Dan Gatlin
|
Batting: SHB Chris Keziah
|
0-0: Ball 1-0: Ball 2-0: Foul Ball, location: 2F 2-1: Ball 3-1: Base on Balls
|
Pitching: LHP Bobby Carroll
|
|
Batting: LHB Vinny Siebecker
|
0-0: Ball 1-0: Foul Ball, location: 2F 1-1: Swinging Strike 1-2: Strikes out swinging
|
Batting: RHB Rob Baker
|
0-0: Ball Passed Ball! Chris Keziah to second 1-0: Called Strike 1-1: Ball 2-1: Swinging Strike 2-2: Strikes out swinging
|
Batting: LHB Jon Pope
|
0-0: Foul Ball, location: 2F 0-1: Swinging Strike 0-2: Ball 1-2: Ball 2-2: Strikes out swinging
|
Top of the 9th over - 0 runs, 0 hits, 0 errors, 1 left on base; Tri-City 5 - Vermont 18 |
|